MLB
SEATTLE MARINERS @ TORONTO BLUE JAYS
08/17/2019
 
TOP OF THE 1ST
Seattle Mariners batting - Pitching for Toronto Blue Jays : RHP Jordan Lyles
Pitching: RHP Jordan Lyles
Batting: LHB Ben Revere 0-0: Called Strike
0-1: Ground out 6-3 (Groundball, 6, EV 98.8 MPH)
Batting: LHB Brandon Nimmo 0-0: Ball
1-0: Foul Ball, location: 2F
1-1: Ball
2-1: Foul Ball, location: 2F
2-2: Ball
3-2: Ground out 4-3 (Groundball, 4, EV 86.9 MPH)
Batting: RHB Manny Machado 0-0: Ball
1-0: Called Strike
1-1: Called Strike
1-2: Ball
2-2: Foul Ball, location: 2F
2-2: SINGLE (Flyball, 9S, EV 92.5 MPH)
Batting: RHB Brian Dozier 0-0: Ball
1-0: Ball
2-0: Ball
3-0: Called Strike
3-1: Base on Balls
Manny Machado to second
Batting: RHB Matt Kemp 0-0: Ball
1-0: Ball
2-0: Called Strike
2-1: Ball
3-1: Foul Ball, location: 2F
3-2: Reached on error, E6 (Groundball, 56, EV 103.1 MPH)
Manny Machado to third
Brian Dozier to second
Batting: LHB Rowdy Tellez 0-0: Called Strike
0-1: Called Strike
0-2: Ground out 4-3 (Groundball, 4, EV 82.5 MPH)
Top of the 1st over - 0 runs, 1 hit, 1 error, 3 left on base; Seattle 0 - Toronto 0
BOTTOM OF THE 1ST
Toronto Blue Jays batting - Pitching for Seattle Mariners : LHP Sean Manaea
Pitching: LHP Sean Manaea
Batting: RHB Keon Broxton 0-0: Ball
1-0: Foul Ball, location: 2F
1-1: Foul Ball, location: 2F
1-2: Ball
2-2: Ground out 5-3 (Groundball, 56S, EV 85.0 MPH)
Batting: RHB Elvis Andrus 0-0: Called Strike
0-1: Ball
1-1: Ball
2-1: Ball
3-1: Foul Ball, location: 2F
3-2: SINGLE (Line Drive, 7S, EV 106.9 MPH)
Batting: RHB Nicholas Castellanos 0-0: Ball
1-0: Called Strike
1-1: Ball
2-1: Fielders Choice at 2nd, 1-4 (Groundball, P, EV 88.8 MPH)
Batting: RHB Yoenis Cespedes 0-0: Ball
1-0: Ball
2-0: Called Strike
2-1: Called Strike
2-2: Foul Ball, location: 2F
2-2: Ball
Nicholas Castellanos steals 2nd base
3-2: Base on Balls
Batting: SHB Josh Bell 0-0: Foul Ball, location: 2F
0-1: SINGLE (Groundball, 6M, EV 88.8 MPH) (infield hit)
Nicholas Castellanos to third
Yoenis Cespedes to second
Batting: RHB Travis d'Arnaud 0-0: Ball
1-0: Ball
2-0: Ball
3-0: Called Strike
3-1: Foul Ball, location: 2F
3-2: Foul Ball, location: 2F
3-2: DOUBLE (Line Drive, 78D, EV 111.3 MPH)
Nicholas Castellanos scores
Yoenis Cespedes scores
Josh Bell to third
Josh Bell scores
Batting: RHB Aledmys Diaz 0-0: Called Strike
0-1: Swinging Strike
0-2: SINGLE (Groundball, 6MD, EV 106.3 MPH)
Travis d'Arnaud to third
Batting: RHB Juan Lagares 0-0: Ball
1-0: Ball
2-0: Foul Ball, location: 2F
2-1: Called Strike
2-2: Ground out 4-3 (Groundball, 34, EV 100.6 MPH)
Bottom of the 1st over - 3 runs, 4 hits, 0 errors, 2 left on base; Seattle 0 - Toronto 3
TOP OF THE 2ND
Seattle Mariners batting - Pitching for Toronto Blue Jays : RHP Jordan Lyles
Batting: SHB Anthony Santander 0-0: Ball
1-0: Ball
2-0: SINGLE (Line Drive, 8RS, EV 105.0 MPH)
Batting: SHB Jonah Heim 0-0: Fielders Choice at 2nd, 6-4 (Groundball, 6, EV 89.4 MPH)
Batting: LHB Eric Sogard 0-0: Fly out, F7 (Flyball, 7, EV 95.0 MPH)
Batting: LHB Ben Revere 0-0: Ground out U3 (Groundball, 34S, EV 84.4 MPH)
Top of the 2nd over - 0 runs, 1 hit, 0 errors, 1 left on base; Seattle 0 - Toronto 3
BOTTOM OF THE 2ND
Toronto Blue Jays batting - Pitching for Seattle Mariners : LHP Sean Manaea
Batting: RHB Dixon Machado 0-0: Swinging Strike
0-1: Ball
1-1: Ball
2-1: SINGLE (Line Drive, 56, EV 95.0 MPH)
Batting: RHB Keon Broxton 0-0: Called Strike
0-1: Fly out, F9 (Flyball, 89S, EV 91.3 MPH)
Batting: RHB Elvis Andrus 0-0: Called Strike
0-1: Ball
1-1: Ball
2-1: Ball
3-1: Base on Balls
Dixon Machado to second
Batting: RHB Nicholas Castellanos 0-0: Called Strike
0-1: Foul Ball, location: 2F
0-2: Hit by Pitch
Dixon Machado to third
Elvis Andrus to second
Batting: RHB Yoenis Cespedes 0-0: DOUBLE (Line Drive, 7LM, EV 107.5 MPH)
Dixon Machado scores
Elvis Andrus scores
Nicholas Castellanos to third
Batting: SHB Josh Bell 0-0: Ball
1-0: Called Strike
1-1: Foul Ball, location: 2F
1-2: DOUBLE (Line Drive, 78M, EV 98.8 MPH)
Nicholas Castellanos scores
Yoenis Cespedes scores
Pitching: RHP Jake Arrieta
Batting: RHB Travis d'Arnaud 0-0: Ball
1-0: Ball
2-0: Ball
3-0: Base on Balls
Batting: RHB Aledmys Diaz 0-0: Ball
1-0: Fly out, F8 (Flyball, 8RXD, EV 103.1 MPH)
Runner from 2nd tags up, SAFE at 3rd, no throw by CF
Batting: RHB Juan Lagares 0-0: Called Strike
0-1: Ball
1-1: Ball
2-1: Swinging Strike
2-2: Ground out U3 (Groundball, 34, EV 96.3 MPH)
Bottom of the 2nd over - 4 runs, 3 hits, 0 errors, 2 left on base; Seattle 0 - Toronto 7
TOP OF THE 3RD
Seattle Mariners batting - Pitching for Toronto Blue Jays : RHP Jordan Lyles
Batting: LHB Brandon Nimmo 0-0: Ball
1-0: Ball
2-0: Ball
3-0: Called Strike
3-1: Swinging Strike
3-2: Strikes out swinging
Batting: RHB Manny Machado 0-0: Ball
1-0: Foul Ball, location: 2F
1-1: Foul Ball, location: 2F
1-2: Foul Ball, location: 2F
1-2: Foul Ball, location: 2F
1-2: SINGLE (Groundball, 56D, EV 103.1 MPH)
Batting: RHB Brian Dozier 0-0: Ball
1-0: Foul Ball, location: 2F
1-1: Fly out, F7 (Flyball, 78S, EV 83.1 MPH)
Batting: RHB Matt Kemp 0-0: Swinging Strike
0-1: Ground out 6-3 (Groundball, 6S, EV 84.4 MPH)
Top of the 3rd over - 0 runs, 1 hit, 0 errors, 1 left on base; Seattle 0 - Toronto 7
BOTTOM OF THE 3RD
Toronto Blue Jays batting - Pitching for Seattle Mariners : RHP Jake Arrieta
Batting: RHB Dixon Machado 0-0: Ball
1-0: Foul Ball, location: 2F
1-1: Ground out U3 (Groundball, 34, EV 103.1 MPH)
Batting: RHB Keon Broxton 0-0: Ball
1-0: SOLO HOME RUN (Line Drive, 7D, EV 106.3 MPH), Distance : 373 ft
Batting: RHB Elvis Andrus 0-0: Ball
1-0: Ball
2-0: Ball
3-0: Called Strike
3-1: Foul Ball, location: 2F
3-2: SOLO HOME RUN (Flyball, 7D, EV 100.6 MPH), Distance : 379 ft
Batting: RHB Nicholas Castellanos 0-0: Foul Ball, location: 2F
0-1: Fly out, F7 (Line Drive, 7D, EV 96.3 MPH)
Batting: RHB Yoenis Cespedes 0-0: Ball
1-0: Ball
2-0: Ball
3-0: Called Strike
3-1: Base on Balls
Batting: SHB Josh Bell 0-0: Called Strike
0-1: Fielders Choice at 2nd, U6 (Groundball, 4, EV 77.5 MPH)
Bottom of the 3rd over - 2 runs, 2 hits, 0 errors, 1 left on base; Seattle 0 - Toronto 9
TOP OF THE 4TH
Seattle Mariners batting - Pitching for Toronto Blue Jays : RHP Jordan Lyles
Batting: LHB Rowdy Tellez 0-0: DOUBLE (Flyball, 89XD, EV 96.9 MPH)
Batting: SHB Anthony Santander 0-0: Ball
1-0: Ball
2-0: Foul Ball, location: 2F
2-1: Ball
3-1: Base on Balls
Batting: SHB Jonah Heim 0-0: SINGLE (Groundball, 6MD, EV 108.8 MPH)
Rowdy Tellez to third
Anthony Santander to second
Batting: LHB Eric Sogard 0-0: Ball
1-0: Called Strike
1-1: Called Strike
1-2: Ball
2-2: Strikes out looking
Batting: LHB Ben Revere 0-0: Called Strike
0-1: Swinging Strike
0-2: Strikes out swinging
Batting: LHB Brandon Nimmo 0-0: Ball
1-0: Ball
2-0: Ball
3-0: Called Strike
3-1: Base on Balls
Rowdy Tellez scores
Anthony Santander to third
Jonah Heim to second
Batting: RHB Manny Machado 0-0: Foul Ball, location: 2F
0-1: Foul Ball, location: 2F
0-2: Ground out 1-3 (Groundball, P, EV 86.3 MPH)
Top of the 4th over - 1 run, 2 hits, 0 errors, 3 left on base; Seattle 1 - Toronto 9
BOTTOM OF THE 4TH
Toronto Blue Jays batting - Pitching for Seattle Mariners : RHP Jake Arrieta
Batting: RHB Travis d'Arnaud 0-0: Swinging Strike
0-1: Ball
1-1: Ball
2-1: Called Strike
2-2: Foul Ball, location: 2F
2-2: Ball
3-2: Foul Ball, location: 2F
3-2: Ground out 4-3 (Groundball, 4, EV 83.8 MPH)
Batting: RHB Aledmys Diaz 0-0: Foul Ball, location: 2F
0-1: Ball
1-1: Called Strike
1-2: Fly out, F9 (Flyball, 9, EV 86.9 MPH)
Batting: RHB Juan Lagares 0-0: Called Strike
0-1: Called Strike
0-2: Strikes out swinging
Bottom of the 4th over - 0 runs, 0 hits, 0 errors, 0 left on base; Seattle 1 - Toronto 9
TOP OF THE 5TH
Seattle Mariners batting - Pitching for Toronto Blue Jays : RHP Jordan Lyles
Pitching: RHP JC Ramirez
Batting: RHB Brian Dozier 0-0: Called Strike
0-1: Ball
1-1: Ball
2-1: Called Strike
2-2: Ball
3-2: Base on Balls
Batting: RHB Matt Kemp 0-0: Ball
1-0: Ball
2-0: Called Strike
Brian Dozier steals 2nd base (no throw)
2-1: Fly out, F9 (Flyball, 89XD, EV 98.1 MPH)
Runner from 2nd tags up, SAFE at 3rd, no throw by RF
Batting: LHB Rowdy Tellez 0-0: Ball
1-0: Called Strike
1-1: Ball
2-1: Ground out 5-3 (Groundball, 56, EV 96.9 MPH)
Brian Dozier scores
Batting: SHB Anthony Santander 0-0: Foul Ball, location: 2F
0-1: Called Strike
0-2: Ball
1-2: Ball
2-2: Fly out, F4 (Popup, 3, EV 58.1 MPH)
Top of the 5th over - 1 run, 0 hits, 0 errors, 0 left on base; Seattle 2 - Toronto 9
BOTTOM OF THE 5TH
Toronto Blue Jays batting - Pitching for Seattle Mariners : RHP Jake Arrieta
Batting: RHB Dixon Machado 0-0: Ground out 6-3 (Groundball, 6M, EV 109.4 MPH)
Batting: RHB Keon Broxton 0-0: Ball
1-0: Ball
2-0: Called Strike
2-1: Swinging Strike
2-2: Ball
3-2: Foul Ball, location: 2F
3-2: Strikes out swinging
Batting: RHB Elvis Andrus 0-0: Called Strike
0-1: Foul Ball, location: 2F
0-2: Ground out 5-3 (Groundball, 5, EV 105.0 MPH)
Bottom of the 5th over - 0 runs, 0 hits, 0 errors, 0 left on base; Seattle 2 - Toronto 9
TOP OF THE 6TH
Seattle Mariners batting - Pitching for Toronto Blue Jays : RHP JC Ramirez
Batting: SHB Jonah Heim 0-0: Foul Ball, location: 2F
0-1: Ball
1-1: Foul Ball, location: 2F
1-2: Strikes out looking
Batting: LHB Eric Sogard 0-0: Ball
1-0: Fly out, F8 (Flyball, 8RD, EV 100.0 MPH)
Batting: LHB Ben Revere 0-0: Ball
1-0: Ground out 4-3 (Groundball, 4S, EV 86.9 MPH)
Top of the 6th over - 0 runs, 0 hits, 0 errors, 0 left on base; Seattle 2 - Toronto 9
BOTTOM OF THE 6TH
Toronto Blue Jays batting - Pitching for Seattle Mariners : RHP Jake Arrieta
Batting: RHB Nicholas Castellanos 0-0: Ball
1-0: Ball
2-0: Swinging Strike
2-1: Called Strike
2-2: Ball
3-2: Foul Ball, location: 2F
3-2: Strikes out swinging
Batting: RHB Yoenis Cespedes 0-0: Foul Ball, location: 2F
0-1: Ground out 6-3 (Groundball, 6, EV 83.8 MPH)
Batting: SHB Josh Bell 0-0: Ball
1-0: Ball
2-0: Called Strike
2-1: Called Strike
2-2: DOUBLE (Groundball, 3L, EV 106.9 MPH)
Pitching: RHP Alex Wilson
Batting: RHB Travis d'Arnaud 0-0: Called Strike
0-1: Ball
1-1: Foul Ball, location: 2F
1-2: Fly out, F9 (Flyball, 9, EV 89.4 MPH)
Bottom of the 6th over - 0 runs, 1 hit, 0 errors, 1 left on base; Seattle 2 - Toronto 9
TOP OF THE 7TH
Seattle Mariners batting - Pitching for Toronto Blue Jays : RHP JC Ramirez
Batting: LHB Brandon Nimmo 0-0: Called Strike
0-1: Fly out, F8 (Flyball, 8LM, EV 92.5 MPH)
Pinch Hitting: RHB Brandon Dixon 0-0: Ball
1-0: Ball
2-0: DOUBLE (Line Drive, 7LM, EV 94.4 MPH)
Batting: RHB Brian Dozier 0-0: Called Strike
0-1: Called Strike
0-2: Foul Ball, location: 2F
0-2: Ball
1-2: Fly out, F5 (Popup, 56, EV 63.1 MPH)
Batting: RHB Matt Kemp 0-0: Called Strike
0-1: Called Strike
0-2: Ball
1-2: Ball
2-2: Strikes out swinging
Top of the 7th over - 0 runs, 1 hit, 0 errors, 1 left on base; Seattle 2 - Toronto 9
BOTTOM OF THE 7TH
Toronto Blue Jays batting - Pitching for Seattle Mariners : RHP Alex Wilson
Now at 3B: Brandon Dixon
Batting: RHB Aledmys Diaz 0-0: Called Strike
0-1: Fly out, F9 (Flyball, 9LSF, EV 94.4 MPH)
Batting: RHB Juan Lagares 0-0: Called Strike
0-1: Called Strike
0-2: Foul Ball, location: 2F
0-2: Strikes out swinging
Batting: RHB Dixon Machado 0-0: Foul Ball, location: 2F
0-1: Ground out 6-3 (Groundball, 6, EV 86.9 MPH)
Bottom of the 7th over - 0 runs, 0 hits, 0 errors, 0 left on base; Seattle 2 - Toronto 9
TOP OF THE 8TH
Seattle Mariners batting - Pitching for Toronto Blue Jays : RHP JC Ramirez
Batting: LHB Rowdy Tellez 0-0: Foul Ball, location: 2F
0-1: Fly out, F9 (Flyball, 9LS, EV 83.8 MPH)
Batting: SHB Anthony Santander 0-0: Foul Ball, location: 2F
0-1: Called Strike
0-2: Foul Ball, location: 2F
0-2: Fly out, F8 (Flyball, 8RS, EV 88.1 MPH)
Batting: SHB Jonah Heim 0-0: Ball
1-0: Swinging Strike
1-1: Ball
2-1: Foul Ball, location: 2F
2-2: Strikes out swinging
Top of the 8th over - 0 runs, 0 hits, 0 errors, 0 left on base; Seattle 2 - Toronto 9
BOTTOM OF THE 8TH
Toronto Blue Jays batting - Pitching for Seattle Mariners : RHP Alex Wilson
Batting: RHB Keon Broxton 0-0: Foul Ball, location: 2F
0-1: Foul Ball, location: 2F
0-2: Ground out 5-3 (Groundball, 56, EV 88.8 MPH)
Batting: RHB Elvis Andrus 0-0: Foul Ball, location: 2F
0-1: Swinging Strike
0-2: Ball
1-2: Foul Ball, location: 2F
1-2: Fly out, F8 (Flyball, 78D, EV 107.5 MPH)
Batting: RHB Nicholas Castellanos 0-0: Ball
1-0: Ball
2-0: Called Strike
2-1: Called Strike
2-2: Strikes out swinging, 2-3 out at first.
Bottom of the 8th over - 0 runs, 0 hits, 0 errors, 0 left on base; Seattle 2 - Toronto 9
TOP OF THE 9TH
Seattle Mariners batting - Pitching for Toronto Blue Jays : RHP JC Ramirez
Batting: LHB Eric Sogard 0-0: SINGLE (Line Drive, 7S, EV 105.6 MPH)
Pitching: RHP Danny Barnes
Batting: LHB Ben Revere 0-0: Called Strike
0-1: Fly out, F1 (Popup, 13, EV 88.8 MPH)
Batting: LHB Brandon Nimmo 0-0: Foul Ball, location: 2F
0-1: Fly out, F5 (Popup, 15, EV 81.9 MPH)
Batting: RHB Brandon Dixon 0-0: DOUBLE (Line Drive, 89D, EV 108.1 MPH)
Eric Sogard to third
Batting: RHB Brian Dozier 0-0: Ball
1-0: Ball
2-0: Ball
3-0: Foul Ball, location: 2F
3-1: Called Strike
3-2: Base on Balls
Batting: RHB Matt Kemp 0-0: Ball
1-0: Called Strike
1-1: Ball
2-1: Fielders Choice at 2nd, 6-4 (Groundball, 56, EV 85.0 MPH)
Top of the 9th over - 0 runs, 2 hits, 0 errors, 3 left on base; Seattle 2 - Toronto 9
Wednesday, November 20th, 2019 - OOTP Baseball 20.8 Build 73